 Dungeon Crawl Stone Soup version 0.28-a0-1235-g7c8fac35f0 (webtiles) character file.

Game seed: 4586478028122206163

167 karkarkar the Skirmisher (level 5, 0/46 HPs)
             Began as a Palentonga Fighter on Dec 24, 2021.
             Was an Initiate of Gozag.
             Slain by a scorpion (3 damage)
             ... on level 4 of the Dungeon.
             The game lasted 00:06:04 (3159 turns).

karkarkar the Skirmisher (Palentonga Fighter)       Turns: 3159, Time: 00:06:05

Health: 0/46       AC:  6    Str: 21    XL:     5   Next: 23%
Magic:  5/5        EV:  7    Int:  8    God:    Gozag
Gold:   91         SH:  5    Dex: 10    Spells: 4/4 levels left

rFire   . . .      SeeInvis +   a - +1 flail
rCold   . . .      Faith    .   c - +1 buckler
rNeg    . . .      Spirit   .   b - +0 scale mail
rPois   .          Reflect  .   (no helmet)
rElec   .          Harm     .   (no cloak)
rCorr   .          Rampage  .   (no gloves)
Will    .....                   (no barding)
Stlth   ..........              (no amulet)
HPRegen 0.15/turn               (no ring)
MPRegen 0.09/turn               (no ring)

@: mighty
A: large, rugged brown scales 3, see invisible, deformed body, roll 1, armoured
tail
a: Rolling Charge, Renounce Religion, Potion Petition, Call Merchant, Bribe
Branch


You were on level 4 of the Dungeon.
You worshipped Gozag.
Gozag was noncommittal.
You visited 1 branch of the dungeon, and saw 4 of its levels.

You collected 114 gold pieces.
You paid 23 gold pieces to Gozag.

Inventory:

Hand Weapons
 a - a +1 flail (weapon)
Missiles
 f - 5 poisoned darts (quivered)
 k - 2 atropa-tipped darts
Armour
 b - a +0 scale mail (worn)
 c - a +1 buckler (worn)
Wands
 i - a wand of mindburst (14)
Scrolls
 g - a scroll of enchant weapon
 h - 2 scrolls of teleportation
 l - a scroll of magic mapping
Potions
 e - 2 potions of curing {unknown}
 j - a potion of degeneration {unknown}


   Skills:
 + Level 4.6 Fighting
 + Level 4.0 Maces & Flails
 - Level 2.5 Armour
 - Level 2.5 Shields


You had 4 spell levels left.
You didn't know any spells.
Your spell library contained the following spells:

 Spells                   Type           Power      Damage    Failure   Level
 Ignite Poison            Fire/Tmut/Pois 0%         N/A       98%         3
 Mephitic Cloud           Conj/Pois/Air  0%         N/A       98%         3
 Freezing Cloud           Conj/Ice/Air   0%         6-21      100%        5


Dungeon Overview and Level Annotations

Branches:
Dungeon (4/15)             Temple (0/1) D:4

Altars:
Gozag
Okawaru

Shops:
D:2 (


Innate Abilities, Weirdness & Mutations

You are completely covered in rugged brown scales. (AC +3, +7% HP)
You have supernaturally acute eyesight. (SInv)
Armour fits poorly on your strangely shaped body.
You can roll at nearby foes to attack.
You have a long armoured tail.


Message History

The iguana is poisoned.
The iguana bites you but does no damage.
You throw a poisoned dart. The poisoned dart hits the iguana.
The iguana is lightly wounded.
The iguana closely misses you.
You throw a poisoned dart. The poisoned dart hits the iguana.
The iguana looks even sicker.
The iguana is lightly wounded.
The iguana bites you.
You throw a poisoned dart. The poisoned dart hits the iguana.
The iguana looks even sicker.
The iguana is lightly wounded.
The scorpion stings you but does no damage.
The iguana bites you.
The scorpion stings you but does no damage.
You hit the iguana.
The iguana is moderately wounded.
The iguana bites you! The scorpion stings you.
You barely miss the iguana.
The iguana is heavily wounded.
The iguana bites you!
The scorpion stings you but does no damage.
The iguana bites you.
You are too injured to fight recklessly!
You are too injured to fight recklessly!
You are too injured to fight recklessly!
The scorpion stings you. The iguana bites you!
* * * LOW HITPOINT WARNING * * *
You are too injured to fight recklessly!
You barely miss the scorpion.
Your tail-slap misses the scorpion.
The scorpion stings you.
* * * LOW HITPOINT WARNING * * *
An adder comes into view.
The scorpion barely misses you.
You feel very mighty all of a sudden.
The adder hisses angrily.
The scorpion stings you.
You die...
Your body crumbles into a pile of gold.

#.....<...+ . .....##
#.......###..#. .#... ##
#............((..... #≈≈
#...........#(#... #≈≈
##...........#(###
#≈≈##....######.##(..###..
#≈≈≈#...........#((......#
#≈≈≈#≈.#.......##$.>..##..
.#≈≈≈≈..#.....#.@sl....#..#
.≈≈≈P...#.......###...##.##
..≈≈P≈..#.........###.#..#
.≈≈≈≈...............#.#..#
.≈≈≈≈≈≈..................#
.#
.≈≈≈≈≈..#..........#.#...#
.#
$((≈≈≈≈.#..........#...#.#
.#
.≈≈≈≈≈..###.#.###+####.#.#
.#
..≈≈≈≈≈.###.#..........#.#
.##.


You could see a scorpion and an iguana (very poisoned).

Vanquished Creatures
  An iguana (D:3)
  4 gnolls (D:4)
  4 adders
  A worm (D:2)
  A dart slug (D:1)
  6 orcs (D:3)
  3 ball pythons
  6 bats
  5 endoplasms
  3 giant cockroaches
  5 goblins
  7 hobgoblins
  2 kobolds (D:1)
  3 quokkas
  2 frilled lizards (D:1)
  2 rats
55 creatures vanquished.

Vanquished Creatures (others)
  9 fungi (D:3)
  4 plants (D:3)
13 creatures vanquished.

Grand Total: 68 creatures vanquished

Notes
Turn   | Place    | Note
-------+----------+-------------------------------------------
     0 | D:1      | karkarkar the Palentonga Fighter began the quest for the
                  | Orb.
     0 | D:1      | Reached XP level 1. HP: 19/19 MP: 1/1
   274 | D:1      | Reached XP level 2. HP: 25/25 MP: 2/2
   875 | D:2      | Reached XP level 3. HP: 31/31 MP: 3/3
  1069 | D:2      | Found Bywufupt's Weapon Shoppe.
  1841 | D:3      | Reached XP level 4. HP: 39/39 MP: 4/4
  1887 | D:3      | Found an iron altar of Okawaru.
  2212 | D:3      | Found an opulent altar of Gozag.
  2256 | D:3      | Became a worshipper of Gozag Ym Sagoz the Greedy
  2486 | D:3      | Found a faded altar of an unknown god.
  3035 | D:4      | Reached XP level 5. HP: 39/46 MP: 5/5
  3104 | D:4      | Found a staircase to the Ecumenical Temple.
  3159 | D:4      | Slain by a scorpion

Illustrated notes

Levels and vault maps discovered:
D:1:      dpeg_arrival_ternary, layout_loops_ring
D:2:      layout_basic, serial_shops, nicolae_shop_bloodbath_and_beyond
D:3:      layout_basic, mainiacjoe_overflow_six_doors_small,
          nicolae_gozag_cash_rules_everything_around_me,
          shapermc_ecumenical_altar_hornbeckon, feat_on_display
D:4:      layout_basic, minmay_temple_entry_slanted, chequers_big_river

Skill      XL: |  1  2  3  4  5 |
---------------+----------------+-----
Maces & Flails | 3 4 |  4.0
Fighting       | 4 |  4.6
Armour         | |  2.5
Shields        | |  2.5

Action                   |  1- 3 |  4- 6 || total
-------------------------+-------+-------++-------
Melee: Flail             |   111 |    59 ||   170
       Tailslap          |     8 |     6 ||    14
Throw: Dart              |    12 |    43 ||    55
 Abil: Rolling Charge    |     2 |       ||     2
  Use: Scroll            |     6 |     2 ||     8
       Potion            |       |     1 ||     1
Armor: Scale mail        |    53 |    31 ||    84
Dodge: Dodged            |    41 |    25 ||    66
Block: Buckler           |    23 |     9 ||    32

Table legend: (Time is in decaauts)
 A = Elapsed time spent in this place.
 B = Non-inter-level travel time spent in this place.
 C = Inter-level travel time spent in this place.
 D = Time resting spent in this place.
 E = Time spent auto-exploring this place.
 F = Levels seen in this place.
 G = Mean time per level.
                   A        B        C        D        E       F      G
               +--------+--------+--------+--------+--------+-----+--------+
         Total |   3205 |   3084 |    121 |    138 |   2433 |   4 |  801.2 |
       Dungeon |   3205 |   3084 |    121 |    138 |   2433 |   4 |  801.2 |
               +--------+--------+--------+--------+--------+-----+--------+

Top non-repeatable levels by time:
     D:3: 1021 daAuts
     D:1: 886 daAuts
     D:2: 853 daAuts
     D:4: 443 daAuts
